 Dungeon Crawl Stone Soup version 0.21-a0-113-g6841d05 (webtiles) character file.

92 Ordine the Conjurer (level 4, 24/24 HPs)
             Began as a Tengu Wizard on July 12, 2017.
             Quit the game on level 2 of the Dungeon.
             The game lasted 00:03:52 (1991 turns).

Ordine the Conjurer (Tengu Wizard)                  Turns: 1991, Time: 00:03:52

Health: 24/24      AC:  2    Str:  9    XL:     4   Next: 60%
Magic:  10/10      EV: 12    Int: 20    God:
Gold:   91         SH:  0    Dex: 12    Spells: 6/9 levels left

rFire    . . .     SeeInvis .   h - +1 club
rCold    . . .     Gourm    .   (no shield)
rNeg     . . .     Faith    .   a - +0 robe
rPois    .         Spirit   .   b - +0 hat
rElec    .         Reflect  .   (no cloak)
rCorr    .         Harm     .   (no gloves)
MR       .....                  (boots unavailable)
Stlth    ++........             l - amulet of inaccuracy (curse)
HPRegen  0.08/turn              (no ring)
MPRegen  0.12/turn              (no ring)

@: very slightly contaminated
A: beak, talons 3, inhibited regeneration, strong 1
a: no special abilities


You were on level 2 of the Dungeon.
You were not hungry.

You visited 1 branch of the dungeon, and saw 3 of its levels.

You collected 91 gold pieces.

Inventory:

Hand Weapons
 h - a +1 club (weapon)
Armour
 a - a +0 robe (worn)
 b - a +0 hat (worn)
Jewellery
 l - a cursed amulet of inaccuracy (around neck)
Scrolls
 j - a scroll of recharging
 o - a scroll of amnesia
 q - a scroll of enchant weapon
Potions
 e - 2 potions of heal wounds {unknown}
 f - a potion of cancellation
 g - 2 potions of curing {unknown}
 p - a potion of resistance
 t - a potion of might {unknown}
Books
 c - a book of Minor Magic

   Spells                             Type                      Level
   a - Magic Dart                     Conjuration                  1
   b - Blink                          Translocation                2
   c - Call Imp                       Summoning                    2
   d - Slow                           Hexes                        2
   e - Conjure Flame                  Conjuration/Fire             3
   f - Mephitic Cloud                 Conjuration/Poison/Air       3
 r - a book of Cantrips

   Spells                             Type                      Level
   a - Confusing Touch                Hexes                        1
   b - Animate Skeleton               Necromancy                   1
   c - Summon Small Mammal            Summoning                    1
   d - Apportation                    Translocation                1
Comestibles
 d - 6 bread rations
 s - 3 chunks of flesh


   Skills:
 - Level 2.1 Dodging
 + Level 2.6 Stealth
 + Level 3.4 Spellcasting
   Level 3.6 Conjurations
   Level 1.2 Summonings
 + Level 1.7 Translocations


You had 6 spell levels left.
You knew the following spells:

 Your Spells              Type           Power        Failure   Level  Hunger
b - Blink                 Tloc           N/A          10%         2    ##.....
c - Apportation           Tloc           ##....       7%          1    None


Dungeon Overview and Level Annotations

Branches:
Dungeon (3/15)

Altars:
Gozag
Hepliaklqana
Xom


Innate Abilities, Weirdness & Mutations

You have a beak for a mouth.
You have claws for feet.
You do not regenerate when monsters are visible.
Your muscles are strong. (Str +2)


Message History

Unknown command.
As you read the scroll labeled BYENUC WESENE, it crumbles to dust.
It is a scroll of amnesia.
Forget which spell ([?*] list [ESC] exit)?
Your memory of Magic Dart unravels.
You stop training Conjurations.
As you read the scroll labeled JOTORE XADAQ, it crumbles to dust.
It is a scroll of enchant weapon.
Your +0 club glows red for a moment.
Okay, then.
As you read the scroll of identify, it crumbles to dust.
p - a potion of resistance
As you read the scroll of identify, it crumbles to dust.
n - a potion of mutation You start resting.
Magic restored.
You feel extremely strange.
Your regeneration stops near monsters.
You feel stronger.
Search for what [? for help]?
Okay, then.
Are you sure you want to abandon this character and quit the game? (Confirm with "yes".)

.....###.#
####............#...
.....##..#
###..#..##.......
.....##.## ##....###.......
.....##.# ##.)#### #.......
#######.#### #...# #####...
#.........# ####...#
###.....
#.........###.....###
###...#.#.
#...................#
#...###.##
#..............@....###.###
#.#
#...................##..#
#.#
#...................##.##
##.#
#.........#########....#
#..# #.........# ###...####
#.## ########### #...###
#.# ########.### ######.#
##........# #......#
########..########
#.....###


There were no monsters in sight!

Vanquished Creatures
  A gnoll (D:3)
  2 adders (D:2)
  2 oozes (D:1)
  A worm (D:3)
  A dart slug (D:1)
  7 goblins
  10 hobgoblins
  A quokka (D:2)
  8 bats
  4 frilled lizards (D:1)
  9 kobolds
  5 rats
51 creatures vanquished.

Notes
Turn   | Place    | Note
-------+----------+-------------------------------------------
     0 | D:1      | Ordine the Tengu Wizard began the quest for the Orb.
     0 | D:1      | Reached XP level 1. HP: 10/10 MP: 5/5
   169 | D:1      | Reached XP level 2. HP: 10/15 MP: 5/7
   192 | D:1      | Learned a level 2 spell: Blink
   307 | D:1      | Reached skill level 1 in Translocations
   553 | D:1      | Reached XP level 3. HP: 19/19 MP: 3/8
  1279 | D:2      | Found a shattered altar of Ashenzari.
  1282 | D:2      | Found a snail-covered altar of Cheibriados.
  1282 | D:2      | Found an opulent altar of Gozag.
  1284 | D:2      | Found a shimmering altar of Xom.
  1284 | D:2      | Found a hazy altar of Hepliaklqana.
  1284 | D:2      | Found a shimmering altar of Xom.
  1434 | D:2      | Reached XP level 4. HP: 24/24 MP: 5/10
  1583 | D:2      | Learned a level 1 spell: Apportation
  1990 | D:2      | Gained mutation: You do not regenerate when monsters are visible. [potion of mutation]
  1990 | D:2      | Gained mutation: Your muscles are strong. (Str +2) [potion of mutation]
  1991 | D:2      | Quit the game

Vault maps used:
D:1:      dpeg_arrival_rooms_a
D:2:      minmay_diamond_boxcup, first_bread, doesnt_xom_only_xom
D:3:      makhleb_grotto_becter, gammafunk_temple_overflow_forgotten,
          minivault_24

Skill      XL: |  1  2  3 |
---------------+----------+-----
Conjurations   | 2 3 |  3.6
Translocations | 1 |  1.7
Dodging        | |  2.1
Stealth        | |  2.6
Spellcasting   | |  3.4
Summonings     | |  1.2

Action                   |  1- 3 |  4- 6 || total
-------------------------+-------+-------++-------
Melee: Unarmed           |     4 |       ||     4
       Kick              |     4 |       ||     4
       Club              |     3 |     2 ||     5
       Peck              |     2 |       ||     2
 Cast: Magic Dart        |    70 |    37 ||   107
  Use: Scroll            |       |     8 ||     8
       Potion            |       |     1 ||     1
  Eat: Chunk             |     1 |     2 ||     3
Armor: Robe              |     2 |       ||     2
Dodge: Dodged            |    14 |     8 ||    22
